[Event "Late-Titled-Tuesday-Blitz-February-06-2024"]
[Site "Chess.com"]
[Date "2024.02.06"]
[Round "4"]
[White "giomar27"]
[Black "kingofthenil"]
[Result "1-0"]
[WhiteElo "2443"]
[BlackElo "2671"]
[TimeControl "180+1"]
[EndTime "14:39:29 PST"]
[Termination "giomar27 won by checkmate"]

1. d4 Nf6 2. Nc3 e6 3. Bg5 Bb4 4. e4 h6 5. Bxf6 Qxf6 6. e5 Qe7 7. Bd3 c5 8. a3 Ba5 9. b4 cxb4 10. Nb5 bxa3+ 11. c3 O-O 12. Ne2 a6 13. Nd6 Bc7 14. Ne4 d6 15. f4 dxe5 16. fxe5 Bd7 17. O-O Bc6 18. N2g3 Nd7 19. Qg4 Bxe5 20. dxe5 Nxe5 21. Qe2 f5 22. Nf2 Qc5 23. Bc2 Rae8 24. Rfe1 Ng4 25. Rf1 Ne3 26. Rfe1 Nxg2 27. Red1 Nf4 28. Qf1 Qxc3 29.
Rac1 Qf3 30. Nfh1 Qe3+ 31. Nf2 h5 32. Re1 Qf3 33. Nfh1 h4 34. Qxf3 Bxf3 35. Kf2 Bd5 36. Nf1 Rc8 37. Ne3 a2 38. Ba4 b5 39. Bc2 Rc3 40.
Nxd5 Nxd5 41. Ke2 Rfc8 42. Kd2 a1=Q 43. Rxa1 Rxc2+ 44. Kd3 R8c3+ 45. Kd4 Kf7 46. Rxa6 Rd2+ 47. Ke5 Rxh2 48. Ra7+ Kg6 49. Rg1+ Kh6 50. Raxg7 Re3+ 51. Kd6 Nf4 52. Rg8 Rd2+ 53. Ke7 Ng6+ 54. R8xg6+ Kh7 55. Rg7+ Kh8 56. Rg8+ Kh7 57. R1g7+ Kh6 58. Kf6 Rd8 59.
Rxd8 Rg3 60. Rh8# 1-0

[Event "Late-Titled-Tuesday-Blitz-February-06-2024"]
[Site "Chess.com"]
[Date "2024.02.06"]
[Round "4"]
[White "Pawngobblerx2000"]
[Black "IraZyne"]
[Result "1-0"]
[WhiteElo "2513"]
[BlackElo "2320"]
[TimeControl "180+1"]
[EndTime "14:39:29 PST"]
[Termination "Pawngobblerx2000 won by checkmate"]

1. c4 c5 2. g3 Nf6 3. Bg2 e6 4. Nc3 d5 5. cxd5 exd5 6. Nf3 d4 7. Nb1 Nc6 8. O-O Be7 9. d3 O-O 10. Bf4 Be6 11. Nbd2 h6 12. a4 Qd7 13. Re1 Nd5 14. Ne5 Nxe5 15. Bxe5 f6 16. Bf4 Nxf4 17. gxf4 Bd6 18.
e3 Rad8 19. Qf3 b6 20. e4 Qc7 21. f5 Bxh2+ 22. Kh1 Bf7 23. Qg4 Bf4 24. Nf3 Rfe8 25.
Rg1 Bb3 26. Ra3 Bf7 27. Bf1 Bg5 28. Nxg5 hxg5 29. Be2 Kf8 30. Raa1 Ke7 31. Kg2 Rh8 32.
Rh1 Bb3 33. a5 b5 34. Rac1 c4 35. Rh5 Rc8 36. e5 Qxe5 37. Bf3 Kf7 38. Rch1 Rxh5 39.
Qxh5+ Ke7 40. Qg6 Rg8 41. Rh7 cxd3 42. Rxg7+ Rxg7 43. Qxg7+ Bf7 44. Qh7 d2 45. Qh8 Qf4 46. Qa8 g4 47. Qxa7+ Kf8 48. Bd1 Bc4 49. Qc5+ Kg7 50.
Qe7+ Bf7 51. a6 Qb8 52. a7 Qa8+ 53. Kg3 Qh1 54. Bxg4 d1=Q 55. Bxd1 Qxd1 56. a8=Q Qd3+ 57. Qf3 Qc4 58. Qg4+ Kh8 59. Qf8+ Kh7 60. Qfg7# 1-0

[Event "Late-Titled-Tuesday-Blitz-February-06-2024"]
[Site "Chess.com"]
[Date "2024.02.06"]
[Round "4"]
[White "neri_gaite"]
[Black "HanSchut"]
[Result "0-1"]
[WhiteElo "2018"]
[BlackElo "2255"]
[TimeControl "180+1"]
[EndTime "14:39:29 PST"]
[Termination "HanSchut won by resignation"]

1. d4 Nf6 2. c4 g6 3. Nc3 d5 4.
cxd5 Nxd5 5. e4 Nxc3 6. bxc3 Bg7 7. Qa4+ Qd7 8. Bb5 c6 9. Bd3 b5 10. Qa3 O-O 11. Nf3 e5 12. Be3 a5 13. O-O b4 14.
cxb4 exd4 15. Bf4 Ba6 16. Bxa6 Nxa6 17. bxa5 c5 18. Rab1 Rfe8 19. Rfe1 Nb4 20. Rbc1 Qb5 21. Bd6 Rxa5 22. Qb3 Nd3 23. Qxb5 Rxb5 24. Rb1 Rxb1 25. Rxb1 c4 26. e5 Bxe5 27. Bxe5 Rxe5 28. Nxe5 Nxe5 29. Kf1 c3 30. Ke2 d3+ 31. Ke3 c2 32. Rc1 g5 33. g3 f5 34. f4 gxf4+ 35. gxf4 Ng4+ 36. Kxd3 Nxh2 37. Rxc2 Ng4 38. Rg2 h5 39. Kd4 Kf7 40. Kd5 Ne3+ 41. Kd4 Nxg2 42. a4 Nxf4 43. a5 Ne6+ 44.
Kd5 Nc7+ 45. Kc6 Na8 46. a6 f4 47. Kb7 f3 48. Kxa8 f2 49. Kb8 f1=Q 50. a7 Qg2 51.
a8=Q Qxa8+ 52. Kxa8 h4 53. Kb7 h3 54. Kc6 h2 55.
Kd5 h1=Q+ 56. Ke5 Qh5+ 57. Kf4 0-1

[Event "Late-Titled-Tuesday-Blitz-February-06-2024"]
[Site "Chess.com"]
[Date "2024.02.06"]
[Round "4"]
[White "ukchessbomber"]
[Black "DonMicheleCorleone"]
[Result "1-0"]
[WhiteElo "2665"]
[BlackElo "2488"]
[TimeControl "180+1"]
[EndTime "14:39:30 PST"]
[Termination "ukchessbomber won by resignation"]

1. c4 e6 2. d3 d5 3. Nd2 d4 4. a3 a5 5. g3 Bd7 6. Bg2 Bc6 7. Ngf3 e5 8. O-O f6 9. e3 dxe3 10.
fxe3 Qxd3 11. Nxe5 Qxe3+ 12. Kh1 Bxg2+ 13. Kxg2 fxe5 14. Nf3 Qc5 15. Nxe5 Be7 16. Qg4 Qxe5 17. Qc8+ Bd8 18. Qxb7 Nf6 19. Qxa8 O-O 20. Bf4 Qe4+ 21. Qxe4 Nxe4 22. Rfe1 Nf6 23. b4 axb4 24. axb4 Nc6 25.
b5 Nb4 26. Red1 Ne4 27. Ra8 Be7 28. Rxf8+ Kxf8 29. Bxc7 Nc3 30. Rc1 Ne2 31. Re1 Nd4 32.
b6 Na6 33. Ra1 Nc5 34. Rf1+ Ke8 35. Rd1 Nc6 36. Rd5 Nb7 37. h4 Bd8 38. Kh3 Bxc7 39.
bxc7 Ne7 40. Rd1 Nc8 41. c5 Ke7 42. Kg4 Nxc5 43. Rd8 Nd6 44. Rxd6 1-0

[Event "Late-Titled-Tuesday-Blitz-February-06-2024"]
[Site "Chess.com"]
[Date "2024.02.06"]
[Round "4"]
[White "OverallStranger"]
[Black "ChuckPhil"]
[Result "1/2-1/2"]
[WhiteElo "2285"]
[BlackElo "2489"]
[TimeControl "180+1"]
[EndTime "14:39:30 PST"]
[Termination "Game drawn by repetition"]

1. e4 c5 2. Nc3 Nc6 3. Nf3 d6 4.
d4 cxd4 5. Nxd4 Nf6 6. g3 g6 7. Bg2 Bd7 8. O-O Bg7 9. h3 O-O 10. Be3 a6 11. Qd2 Rc8 12. Rad1 Ne5 13. Qe2 Nc4 14. Bc1 b5 15. b3 Nb6 16. Bb2 b4 17. Nd5 Nfxd5 18. exd5 a5 19. Rfe1 Re8 20. Qa6 Rc5 21.
Nc6 Bxc6 22. Bxg7 Bb5 23. Qxa5 Kxg7 24. Qxb4 Bd7 25. Qd4+ f6 26. c4 Qc7 27. Rd2 Nxc4 28.
bxc4 Rxc4 29. Qe3 Bb5 30. h4 h5 31. Rd4 Rxd4 32. Qxd4 Qc4 33. Qa7 Kf7 34. a3 Qc5 35. Qxc5 dxc5 36. Rc1 Rc8 37. Bh3 Rc7 38. Be6+ Ke8 39. Kg2 Bd7 40. Bg8 Kf8 41. Be6 Bxe6 42. dxe6 Ke8 43. Rb1 Kd8 44. Rb8+ Rc8 45. Rxc8+ Kxc8 46.
Kf3 Kc7 47. Ke4 Kd6 48. a4 Kxe6 49. Kd3 Kd5 50. Kc3 g5 51. a5 gxh4 52. gxh4 e5 53. a6 Kc6 54. Kc4 f5 55. a7 Kb7 56. Kxc5 Kxa7 57.
Kd5 e4 58. Ke5 Kb6 59. Kxf5 Kc5 60. Kf4 Kd4 61. Kg5 Kd3 62. Kf4 Kd4 63. Kg5 Kd3 64. Kf4 Kd4 1/2-1/2

[Event "Late-Titled-Tuesday-Blitz-February-06-2024"]
[Site "Chess.com"]
[Date "2024.02.06"]
[Round "4"]
[White "matagordo"]
[Black "stepanosinovsky"]
[Result "1-0"]
[WhiteElo "2234"]
[BlackElo "2374"]
[TimeControl "180+1"]
[EndTime "14:39:30 PST"]
[Termination "matagordo won on time"]

1. d4 Nf6 2. Bf4 g6 3. Nc3 Bg7 4. e4 O-O 5. Qd2 d6 6. O-O-O Re8 7. Bh6 Bh8 8. h4 Nc6 9. h5 e5 10. d5 Nd4 11. hxg6 fxg6 12. Bg5 Qe7 13. Nge2 Qf7 14.
f3 c5 15. Kb1 b5 16. Nxd4 exd4 17. Nxb5 Qd7 18. Qf4 Rb8 19. Bxf6 Rf8 20. Qxd6 Rxf6 21. Qxb8 Rb6 22. Qh2 a6 23. Na3 d3 24. Bxd3 Rxb2+ 25. Kc1 Rxa2 26. d6 Rxa3 27. Bc4+ Kf8 28. Qf4+ Ke8 29.
Kd2 Bc3+ 30. Ke2 Bd4 31. Qh4 Rc3 32. Bd3 c4 33. Qxh7 Qxh7 34. Rxh7 cxd3+ 35. Rxd3 Rxc2+ 36. Rd2 Rc3 37. Rxd4 Bd7 38. Rh8+ Kf7 39. Rh7+ Ke6 40. Re7+ Kf6 41. Rxd7 a5 42. Ra7 a4 43. d7 a3 44.
d8=Q+ 1-0

[Event "Late-Titled-Tuesday-Blitz-February-06-2024"]
[Site "Chess.com"]
[Date "2024.02.06"]
[Round "4"]
[White "The_Straightforward_Rook"]
[Black "TimGrutter03"]
[Result "0-1"]
[WhiteElo "2422"]
[BlackElo "2593"]
[TimeControl "180+1"]
[EndTime "14:39:31 PST"]
[Termination "TimGrutter03 won by checkmate"]

1. e4 e5 2. Nf3 Nc6 3. Bc4 d6 4. d3 Nf6 5. a4 h6 6. Nc3 g5 7. a5 a6 8. Ne2 g4 9. Nd2 h5 10. c3 h4 11. b4 Bg7 12. Qb3 Qe7 13.
Nf1 Nh5 14. Ne3 Be6 15. Bxe6 fxe6 16. Nxg4 Nf4 17. Bxf4 exf4 18. d4 h3 19. g3 fxg3 20. hxg3 O-O-O 21. O-O-O Rdf8 22. Nf4 e5 23. Qe6+ Qxe6 24.
Nxe6 Rf7 25. d5 Ne7 26. Rh2 Bh6+ 27. Kc2 Bf8 28. Rdh1 Rg8 29. Ne3 Bh6 30. Kd3 c6 31. Rxh3 Bxe3 32. Kxe3 cxd5 33. exd5 Nxd5+ 34. Kd3 Rxf2 35. Rh8 Rxh8 36. Rxh8+ Kd7 37. Nf8+ Kc6 38. c4 Nxb4+ 39. Ke3 Rc2 40. Ne6 Rc3+ 41. Ke4 Rxg3 42. Rc8+ Kd7 43.
Rc7+ Kxe6 44. Rxb7 Nc2 45. c5 d5# 0-1

[Event "Late-Titled-Tuesday-Blitz-February-06-2024"]
[Site "Chess.com"]
[Date "2024.02.06"]
[Round "4"]
[White "dedpihto_v_kozhanom_palto"]
[Black "AryanTari"]
[Result "1-0"]
[WhiteElo "2703"]
[BlackElo "2917"]
[TimeControl "180+1"]
[EndTime "14:39:32 PST"]
[Termination "dedpihto_v_kozhanom_palto won by resignation"]

1. c4 e5 2. Nc3 Nf6 3. Nf3 e4 4. Ng5 c6 5. Ngxe4 Nxe4 6. Nxe4 d5 7. cxd5 cxd5 8. Ng3 h5 9. e3 h4 10. Ne2 Nc6 11.
d4 Bd6 12. Nf4 Bxf4 13. exf4 Qb6 14. Be3 Qxb2 15. Bd3 Qc3+ 16. Ke2 Kf8 17. Re1 h3 18. g3 Nxd4+ 19. Kf1 Bg4 20. Bxd4 Qxd4 21. Qxg4 Qxd3+ 22. Kg1 g6 23. Rad1 Qc3 24. f5 gxf5 25. Qxf5 Rd8 26.
Re3 Qg7 27. Rde1 Qg6 28. Qe5 Kg8 29. Rf3 Rh5 30. Qc7 Rd6 31. Qxb7 Re6 32. Rfe3 Rxe3 33. Rxe3 Kg7 34. Rf3 Re5 35. Qb2 Qe6 36. Re3 f6 37. Rxe5 fxe5 38. Qb7+ Kg6 39. Qxa7 d4 40. Qb7 Qxa2 41. Qe4+ Kf6 42. Qh4+ Kf7 43. Qh7+ Kf6 44. Qh8+ Ke6 45. Qg8+ Kf5 46. Qxa2 1-0

[Event "Late-Titled-Tuesday-Blitz-February-06-2024"]
[Site "Chess.com"]
[Date "2024.02.06"]
[Round "4"]
[White "KantorGergely"]
[Black "sotochess"]
[Result "1-0"]
[WhiteElo "2758"]
[BlackElo "2544"]
[TimeControl "180+1"]
[EndTime "14:39:32 PST"]
[Termination "KantorGergely won by resignation"]

1. c4 Nf6 2. Nf3 g6 3. b3 Bg7 4. Bb2 O-O 5. g3 d6 6. d4 c5 7. dxc5 Qa5+ 8. Qd2 Qxc5 9. Nc3 Nc6 10. Bg2 Qh5 11. h3 Rd8 12. g4 Qa5 13. O-O h5 14. g5 Nh7 15. Rad1 Rb8 16. Nd5 Qxd2 17. Rxd2 Bxb2 18. Rxb2 b5 19. Rc1 e6 20. cxb5 Rxb5 21.
Nc7 Rb6 22. Nd2 d5 23. Na8 Ra6 24. b4 Ne7 25. Nc7 Rc6 26. Rxc6 Nxc6 27. b5 Nd4 28. e3 Nf5 29. Nf3 Bd7 30. a4 Rc8 31. Na6 Rc1+ 32. Kh2 Kf8 33. a5 Ke7 34. b6 axb6 35. axb6 Nd6 36. b7 Nxb7 37. Rxb7 Kd6 38. Rb6+ Rc6 39.
Rxc6+ Bxc6 40. Nb4 Bd7 41. h4 e5 42. Kg3 f6 43.
gxf6 Nxf6 44. Ng5 Be8 45. Nd3 Bd7 46. Nf7+ Ke6 47. Nfxe5 Bb5 48. Kf4 Ng4 49. Bh3 Bxd3 50.
Nxd3 1-0

[Event "Late-Titled-Tuesday-Blitz-February-06-2024"]
[Site "Chess.com"]
[Date "2024.02.06"]
[Round "4"]
[White "elchacal664"]
[Black "crazy_but_lazy"]
[Result "0-1"]
[WhiteElo "2401"]
[BlackElo "2604"]
[TimeControl "180+1"]
[EndTime "14:39:33 PST"]
[Termination "crazy_but_lazy won by resignation"]

1. e4 c5 2. Nf3 d6 3. d4 cxd4 4. Nxd4 Nf6 5. Nc3 a6 6. Bc4 e6 7. Bb3 b5 8. Bg5 Be7 9. a3 Qc7 10. Qe2 Nc6 11. Nxc6 Qxc6 12. O-O O-O 13. Rfe1 Bb7 14.
f3 Rad8 15. Nd5 exd5 16. exd5 Qc5+ 17. Be3 Qc7 18. Qf2 Rde8 19. Bb6 Qc8 20. a4 Bd8 21. Bd4 Rxe1+ 22. Rxe1 Re8 23. Rd1 Nd7 24. Qg3 Ne5 25. f4 Qg4 26. Rf1 Qxg3 27. hxg3 Nc4 28. axb5 axb5 29. Ra1 Bxd5 30. Ra7 h5 31. Rd7 Bc6 32. Ra7 Bf6 33. Bxf6 gxf6 34. Ra6 Bd5 35. Bxc4 Bxc4 36. Rxd6 Kg7 37. b3 Be6 38. Rb6 Rc8 39. Rxb5 Rxc2 40. f5 Bd7 41. Rd5 Rxg2+ 42. Kxg2 Bc6 43. Kf2 Bxd5 44. b4 Be4 45. b5 Bxf5 46. b6 Bc8 47. Ke3 Kg6 48. Kf4 Bb7 49. Ke3 Kg5 50. Kd4 Kg4 51. Kc5 Kxg3 52. Kd6 h4 53. Ke7 h3 54. Kxf6 h2 55. Kxf7 h1=Q 56. Ke7 Qc6 0-1

[Event "Late-Titled-Tuesday-Blitz-February-06-2024"]
[Site "Chess.com"]
[Date "2024.02.06"]
[Round "4"]
[White "Jahonas"]
[Black "LUISMIGUELOV"]
[Result "1/2-1/2"]
[WhiteElo "2366"]
[BlackElo "2219"]
[TimeControl "180+1"]
[EndTime "14:39:33 PST"]
[Termination "Game drawn by repetition"]

1. d4 Nf6 2. Nf3 d5 3. g3 Bg4 4. Bg2 h5 5. c3 c6 6. h4 Nbd7 7. Bf4 e6 8. Nbd2 Be7 9. Qb3 b5 10. a4 a6 11. axb5 axb5 12. O-O O-O 13. Rfe1 Nb6 14.
Ne5 Rxa1 15. Rxa1 Qc8 16. f3 Bf5 17. e4 Bh7 18. Ra7 Re8 19. Qa2 Nfd7 20. Nxd7 Nxd7 21. Rc7 Qd8 22. Rxc6 dxe4 23. Nxe4 Bxe4 24. fxe4 Nf6 25. Qa6 b4 26. Bc7 Qd7 27. Qc4 bxc3 28. bxc3 Ng4 29. Bf4 e5 30. Rc7 Qd6 31. Bg5 exd4 32. Bxe7 Rxe7 33. Rxe7 Qxe7 34. cxd4 Qa3 35. Qc8+ Kh7 36. Qf5+ Kg8 37. Qf3 Qa1+ 38. Bf1 Qxd4+ 39. Kg2 Ne3+ 40. Kh2 Nxf1+ 41. Qxf1 Qxe4 42. Qd1 g6 43. Qd8+ Kg7 44. Qd2 Qf5 45. Qc3+ Qf6 46. Qe3 Qe6 47. Qc3+ f6 48.
Qc7+ Qf7 49. Qf4 Qe7 50. Qd2 g5 51. hxg5 fxg5 52. Qd4+ Qf6 53. Qa7+ Kh6 54. Qe3 Qf5 55. Qb6+ Qg6 56. Qe3 Qc2+ 57. Kg1 Qd1+ 58. Kh2 Qd6 59. Kg1 Qf6 60. Kh2 Kg6 61. Qe4+ Kh6 62. Qe3 1/2-1/2

[Event "Late-Titled-Tuesday-Blitz-February-06-2024"]
[Site "Chess.com"]
[Date "2024.02.06"]
[Round "4"]
[White "Hikaru"]
[Black "Rsnr"]
[Result "1-0"]
[WhiteElo "3328"]
[BlackElo "2908"]
[TimeControl "180+1"]
[EndTime "14:39:35 PST"]
[Termination "Hikaru won on time"]

1. Nf3 d5 2. g3 g6 3. d4 Bg7 4.
Bg2 Nf6 5. O-O O-O 6. c4 c6 7.
Qb3 Qb6 8. Nc3 Rd8 9. Bf4 Be6 10. c5 Qxb3 11. axb3 Nbd7 12. b4 a6 13. Nd2 Nh5 14. Be3 Bf5 15. f4 Nhf6 16. h3 h5 17. Nb3 Rab8 18.
Na5 Re8 19. Bf2 Ne4 20. Bxe4 Bxe4 21. g4 hxg4 22. hxg4 f5 23. Nxe4 dxe4 24. g5 Nf8 25. Nc4 Ne6 26. e3 Nc7 27. Be1 Kf7 28. Nb6 Rbd8 29. Kg2 Rh8 30. Bc3 Nd5 31. Nxd5 Rxd5 32. b5 cxb5 33. c6 bxc6 34. b4 Ra8 35. Rfc1 Rdd8 36. Bb2 Rdc8 37. Ra2 e6 38. Rca1 Bf8 39.
Bc3 Bd6 40. Rxa6 Rxa6 41. Rxa6 Rc7 42. Ra8 Bf8 43. Kf2 Be7 44. Ke2 Bf8 45. Kd2 Be7 46. Kc2 Bf8 47. Kb3 Be7 48. Rh8 Ra7 49. d5 exd5 50.
Rh7+ Kf8 51. Rg7 Ra6 52. Rxg6 Kf7 53. Rh6 Bf8 54. g6+ Ke8 55. Rh8 Ke7 56. Bd4 1-0

[Event "Late-Titled-Tuesday-Blitz-February-06-2024"]
[Site "Chess.com"]
[Date "2024.02.06"]
[Round "4"]
[White "KaydenTroffChess"]
[Black "HalfIsCrayfish"]
[Result "1-0"]
[WhiteElo "2846"]
[BlackElo "2578"]
[TimeControl "180+1"]
[EndTime "14:39:35 PST"]
[Termination "KaydenTroffChess won on time"]

1. d4 Nf6 2. Nf3 g6 3. Bg5 Bg7 4. Nc3 d5 5. Bxf6 Bxf6 6. e4 dxe4 7. Nxe4 O-O 8. Nxf6+ exf6 9. Be2 c6 10. O-O Bg4 11.
h3 Be6 12. Qd2 Nd7 13. Rad1 Nb6 14. b3 Qd7 15. c4 Rad8 16. Qf4 Kg7 17. a4 Rfe8 18.
Rfe1 Bf5 19. a5 Nc8 20. Nh4 Bc2 21. Rc1 Be4 22. Bg4 f5 23. Bf3 Qxd4 24. Rcd1 Qf6 25.
Rxd8 Rxd8 26. Bxe4 fxe4 27. Qxf6+ Kxf6 28. Rxe4 Rd1+ 29. Kh2 Rd3 30. b4 Nd6 31. Rf4+ Ke6 32. Nf3 f5 33. g4 Ne4 34. gxf5+ gxf5 35. Kg2 Rc3 36. c5 Ra3 37. Rh4 Ra2 38. Kg1 Nxf2 39. Rxh7 Ne4 40. Rxb7 Ra3 41. Nd4+ Ke5 42. Nxc6+ Kf4 43. Rg7 Ra1+ 44. Kh2 Kf3 45. Nd4+ Ke3 46. Nxf5+ Kf3 47. Rg2 Nf2 48.
Nh4+ Ke2 49. Kg3 Ra3+ 50. Kf4 Rxh3 51. Nf5 Rf3+ 52. Ke5 Rb3 53. Nd4+ Kd3 54. Nxb3 1-0

[Event "Late-Titled-Tuesday-Blitz-February-06-2024"]
[Site "Chess.com"]
[Date "2024.02.06"]
[Round "4"]
[White "jcmesafischer"]
[Black "subham777"]
[Result "0-1"]
[WhiteElo "2368"]
[BlackElo "2528"]
[TimeControl "180+1"]
[EndTime "14:39:35 PST"]
[Termination "subham777 won by checkmate"]

1. e4 e6 2. Qe2 c5 3. Nf3 Nc6 4.
g3 g6 5. Bg2 Bg7 6. O-O Nge7 7.
c3 O-O 8. Na3 d6 9. Nc2 e5 10.
d4 cxd4 11. cxd4 Nxd4 12. Nfxd4 exd4 13. Rd1 Nc6 14. b4 d3 15. Qxd3 Bxa1 16. Nxa1 Nxb4 17.
Qd2 a5 18. Bb2 Qe7 19. a3 Nc6 20. Nc2 Be6 21. Ne3 f6 22. f4 Bb3 23. Rc1 Rad8 24. Ng4 h5 25. Qc3 hxg4 26. Qxb3+ Qf7 27. Qd1 Qd7 28. Bf1 d5 29. exd5 Kh7 30. Bg2 Ne7 31. d6 Qxd6 32. Qxg4 Qb6+ 33. Kh1 Qxb2 34. Re1 Qxa3 35.
h4 Qb4 36. Re4 f5 37. Rxb4 fxg4 38. Rxb7 Rf7 39. Be4 Rg7 40. Ra7 Nf5 41. Rxa5 Nxg3+ 42. Kg2 Nxe4 43. h5 gxh5 44. Rxh5+ Kg8 45. Re5 Rd2+ 46. Kf1 Ng3+ 47. Ke1 Re2+ 48. Rxe2 Nxe2 49. Kxe2 g3 50. Kf1 g2+ 51. Kg1 Kf7 52. f5 Kf6 53. Kf2 g1=Q+ 54.
Ke2 Qh2+ 55. Kd3 Rg4 56. Ke3 Qh3+ 57. Kf2 Rg2+ 58. Kf1 Qh1# 0-1

[Event "Late-Titled-Tuesday-Blitz-February-06-2024"]
[Site "Chess.com"]
[Date "2024.02.06"]
[Round "4"]
[White "youngdinousaur"]
[Black "ImportedItalianMaple"]
[Result "1-0"]
[WhiteElo "2341"]
[BlackElo "2498"]
[TimeControl "180+1"]
[EndTime "14:39:35 PST"]
[Termination "youngdinousaur won on time"]

1. d4 g6 2. e4 Bg7 3. Nc3 d5 4. e5 c5 5. dxc5 d4 6. Nce2 Bxe5 7. Nf3 Bg7 8. Nexd4 Qa5+ 9. Bd2 Qxc5 10. Bc3 Nf6 11.
Be2 O-O 12. O-O Rd8 13. Nb3 Rxd1 14. Nxc5 Rxa1 15. Rxa1 b6 16. Nb3 Bb7 17. Rd1 Nc6 18. Nbd4 Rd8 19. Nxc6 Rxd1+ 20. Bxd1 Bxc6 21. Ne5 Bd5 22. Bf3 Bxa2 23. b3 Bb1 24. Bd1 Nd5 25. Bb2 Nb4 26.
Ba3 Nxc2 27. Bxc2 Bxc2 28. Nc6 Bxb3 29. Nxa7 Bf8 30. Nc8 b5 31. Nxe7+ Kg7 32. Bb2+ f6 33. Nc6 Bd5 34. Nd4 Bc4 35. f4 Kf7 36. Kf2 Bd6 37.
Ke3 Ke7 38. g3 f5 39. Nc6+ Kd7 40. Ne5+ Ke6 41. Kd4 Bf1 42. Nc6 Bc7 43. Kc5 Bd6+ 44. Kd4 Kd7 45. Ne5+ Kc7 46. h4 Kb6 47. h5 Bc5+ 48. Kd5 1-0

[Event "Late-Titled-Tuesday-Blitz-February-06-2024"]
[Site "Chess.com"]
[Date "2024.02.06"]
[Round "4"]
[White "Horokoskii"]
[Black "Kostukov_Alex"]
[Result "1-0"]
[WhiteElo "2153"]
[BlackElo "2274"]
[TimeControl "180+1"]
[EndTime "14:39:35 PST"]
[Termination "Horokoskii won on time"]

1. c4 g6 2. d4 Bg7 3. g3 d6 4.
Bg2 e5 5. dxe5 dxe5 6. Qxd8+ Kxd8 7. Nc3 c6 8. h4 h5 9. Bg5+ f6 10. Be3 Nd7 11. O-O-O Bh6 12. Bxh6 Nxh6 13. Ne4 Ke7 14. Nd6 Ng4 15. Nh3 Rd8 16. b4 a5 17. b5 cxb5 18.
cxb5 Nc5 19. Nc4 Be6 20. Nb6 Rab8 21. Kb1 Rd4 22. Rxd4 exd4 23. Nd5+ Bxd5 24. Bxd5 Kd6 25. Bf3 Ne5 26. Rd1 Nxf3 27. exf3 Kd5 28. Nf4+ Kc4 29.
Nxg6 Na4 30. Rc1+ Nc3+ 31. Kb2 Kxb5 32. Nf4 Kc4 33. Ne2 Re8 34. Nxc3 dxc3+ 35. Rxc3+ Kd5 36.
Re3 Rc8 37. Ra3 b6 38. Rd3+ Ke5 39. Re3+ Kd5 40. Rb3 Rc6 41. Rc3 Re6 42. Re3 Rc6 43. g4 hxg4 44. fxg4 Kd4 45. Rf3 b5 46. Rf5 Rb6 47.
g5 fxg5 48. hxg5 a4 49. Rf6 Rb8 50. g6 b4 51. f4 Rh8 52. Rd6+ Kc5 53. Rd2 Rh4 54.
Rg2 1-0

[Event "Late-Titled-Tuesday-Blitz-February-06-2024"]
[Site "Chess.com"]
[Date "2024.02.06"]
[Round "4"]
[White "HajiyevKanan"]
[Black "h4parah5"]
[Result "0-1"]
[WhiteElo "2603"]
[BlackElo "2962"]
[TimeControl "180+1"]
[EndTime "14:39:36 PST"]
[Termination "h4parah5 won on time"]

1. d4 Nf6 2. Nf3 e6 3. c4 d5 4. cxd5 exd5 5. Nc3 c6 6. Qc2 g6 7. Bg5 Be7 8. e3 Bf5 9. Bd3 Bxd3 10. Qxd3 Nbd7 11.
Bh6 Ng4 12. Bf4 a5 13. h3 Ngf6 14. Bh6 Bf8 15. Bxf8 Kxf8 16. O-O Kg7 17. Rac1 Re8 18. Qc2 Qe7 19. Rfd1 Qd6 20. Na4 Ne4 21. Nc5 Ndxc5 22.
dxc5 Qe7 23. Nd4 h5 24. b3 Kh7 25. a3 Qf6 26. b4 axb4 27. axb4 Ra3 28. Ra1 Rea8 29.
Rxa3 Rxa3 30. Qb2 Ra4 31. Rb1 Kg7 32. b5 Rc4 33. bxc6 bxc6 34. Nxc6 Nc3 35. Nd4 Nxb1 36. Qxb1 Rxc5 37. Qb2 Kh7 38. g3 h4 39. g4 Qe5 40.
Qb1 Qc7 41. Kg2 Rc1 42. Qa2 Qc4 43. Qe2 Ra1 44. g5 Qc1 45. Kf3 Qh1+ 46. Kg4 Qg2+ 47. Kxh4 Rf1 48. Qf3 Rxf2 49. Qxg2 Rxg2 50. Nf3 Re2 51.
Ne5 Rxe3 52. Ng4 Rf3 53. Nf6+ Rxf6 54. gxf6 Kh6 55. Kg4 d4 56. Kf4 d3 57. Ke3 Kg5 58.
Kxd3 Kxf6 59. Ke4 Kg5 60. Kf3 Kh4 61. Kg2 f5 62. Kh2 f4 63. Kg2 g5 64. Kh2 f3 0-1

[Event "Late-Titled-Tuesday-Blitz-February-06-2024"]
[Site "Chess.com"]
[Date "2024.02.06"]
[Round "4"]
[White "pinguino120"]
[Black "abeljusto"]
[Result "1-0"]
[WhiteElo "2274"]
[BlackElo "2051"]
[TimeControl "180+1"]
[EndTime "14:39:36 PST"]
[Termination "pinguino120 won on time"]

1. e4 e5 2. Nf3 Nc6 3. Bb5 a6 4.
Bxc6 dxc6 5. O-O f6 6. d4 exd4 7. Qxd4 Qxd4 8. Nxd4 c5 9. Ne2 Bd7 10. Nbc3 Bd6 11. Bf4 Bxf4 12. Nxf4 O-O-O 13. Rad1 Ne7 14. Nfd5 Rhe8 15. Nxe7+ Rxe7 16. f3 c6 17. Rd2 Be6 18.
Rxd8+ Kxd8 19. Rd1+ Rd7 20. Rxd7+ Kxd7 21. Kf2 b5 22. Ke3 Kd6 23. b3 c4 24. b4 g5 25. Ne2 c5 26. a3 cxb4 27. axb4 h5 28. Nd4 Bd7 29. c3 Ke5 30. g3 Kd6 31. f4 g4 32. Ne2 Be6 33. Kd4 Bf7 34. f5 Be8 35. Nf4 Bf7 36. Ng6 Kc6 37. e5 fxe5+ 38. Kxe5 a5 39. bxa5 b4 40. cxb4 c3 41. Nf4 Bc4 42. f6 c2 43. f7 Bxf7 44. Ne2 Bc4 45. Nc1 Kb5 46. Kd4 Kxb4 47. Ke3 Ba6 48. Kd2 Kxa5 49. Kxc2 Kb4 50. Kd2 Bb7 51. Ke3 Kc3 52. Nd3 Bf3 53. Nf4 1-0

[Event "Late-Titled-Tuesday-Blitz-February-06-2024"]
[Site "Chess.com"]
[Date "2024.02.06"]
[Round "4"]
[White "Felix-Rose"]
[Black "Romadk"]
[Result "1-0"]
[WhiteElo "2390"]
[BlackElo "2522"]
[TimeControl "180+1"]
[EndTime "14:39:37 PST"]
[Termination "Felix-Rose won by resignation"]

1. e4 Nf6 2. e5 Nd5 3. d4 d6 4. c4 Nb6 5. exd6 cxd6 6. Nc3 g6 7.
Be3 Bg7 8. Rc1 O-O 9. b3 Nc6 10.
d5 Ne5 11. Be2 Re8 12. f4 Ned7 13. Nf3 e6 14. dxe6 Rxe6 15. Bd4 Nf6 16. O-O d5 17.
c5 Nbd7 18. Ng5 Re8 19. Bf3 Nf8 20. Nxd5 Nxd5 21. Bxg7 Ne3 22. Qxd8 Rxd8 23. Bf6 Nxf1 24.
Bxd8 Nd2 25. Bd5 Be6 26. Nxe6 fxe6 27. Ba5 exd5 28. Bxd2 Ne6 29. b4 Nd4 30. Kf2 Re8 31. Re1 Kf7 32. Rxe8 Kxe8 33. Ke3 Nf5+ 34. Kd3 Nh4 35.
Kd4 Nxg2 36. Kxd5 Kd7 37. b5 Nh4 38. c6+ bxc6+ 39. bxc6+ Kc7 40. Ba5+ Kc8 41. Ke6 Nf5 42. Kf6 Nd4 43. Kg7 Nxc6 44. Bc3 Ne7 45. Kxh7 Kd7 46.
Bf6 Nd5 47. Bg5 Nb4 48. a4 Ke8 49. Kxg6 Kf8 50. h4 Nc6 51. h5 Ne7+ 52. Bxe7+ Kxe7 53. h6 1-0

[Event "Late-Titled-Tuesday-Blitz-February-06-2024"]
[Site "Chess.com"]
[Date "2024.02.06"]
[Round "4"]
[White "Angry_Twin"]
[Black "jinbojinbo"]
[Result "1-0"]
[WhiteElo "3090"]
[BlackElo "2626"]
[TimeControl "180+1"]
[EndTime "14:39:39 PST"]
[Termination "Angry_Twin won on time"]

1. e4 c5 2. Nf3 Nc6 3. Bb5 g6 4.
Bxc6 bxc6 5. O-O Bg7 6. Re1 Nf6 7. e5 Nd5 8. c4 Nc7 9. d4 cxd4 10. Qxd4 Ne6 11. Qh4 d6 12. exd6 Qxd6 13. Nc3 Bf6 14. Qh6 Bg7 15. Ne4 Bxh6 16. Nxd6+ exd6 17. Bxh6 Ba6 18. b3 O-O-O 19. Rad1 Rhe8 20. h3 d5 21. cxd5 cxd5 22.
Ne5 Nc7 23. Nxf7 Rxe1+ 24. Rxe1 Rd7 25. Ne5 Rd6 26. Bf4 Re6 27. Rc1 g5 28. Bg3 Kb7 29.
Nd7 Rc6 30. Rxc6 Kxc6 31. Nb8+ Kb7 32. Bxc7 Bb5 33. Be5 d4 34. Bxd4 Kxb8 35. g4 h5 36. gxh5 Bd3 37. Bf6 Kc7 38. Bxg5 Kd7 39. Kg2 Ke6 40.
Kf3 Bb1 41. a3 Bc2 42. b4 a6 43. Kf4 Bd3 44. Bd8 Bb1 45. Kg5 Bc2 46. f4 Bb1 47. Bf6 Bc2 48. Bc3 Bb1 49. a4 Bc2 50. b5 axb5 51. axb5 Be4 52. b6 Kf7 53. f5 1-0

[Event "Late-Titled-Tuesday-Blitz-February-06-2024"]
[Site "Chess.com"]
[Date "2024.02.06"]
[Round "4"]
[White "temiksmozg"]
[Black "Njal28"]
[Result "0-1"]
[WhiteElo "2617"]
[BlackElo "3014"]
[TimeControl "180+1"]
[EndTime "14:39:39 PST"]
[Termination "Njal28 won by resignation"]

1. e4 e5 2. Nf3 Nc6 3. Bb5 a6 4. Ba4 d6 5. c3 Bd7 6. O-O Nge7 7.
d4 Ng6 8. Re1 Be7 9. Nbd2 O-O 10. Nf1 Bg4 11. h3 Bxf3 12. Qxf3 b5 13. d5 bxa4 14.
dxc6 Qe8 15. g3 Qxc6 16. h4 f5 17. h5 Nh8 18. Ne3 Qxe4 19. Qxe4 fxe4 20. Nd5 Bd8 21. Rxe4 c6 22. Ne3 Nf7 23. Rxa4 d5 24. Ng4 Bb6 25. Be3 Bxe3 26. Nxe3 Ng5 27. Ng4 Rf5 28. Kg2 e4 29. Rd1 Nf3 30. h6 Rg5 31. Nh2 Ne5 32. hxg7 Rxg7 33. Rb4 Rf7 34. Rb6 Raf8 35. Rf1 Nc4 36. Rxc6 Nd2 37. Rd1 Rxf2+ 38. Kh3 e3 39. Ng4 R2f3 40.
Re6 Ne4 41. Rxd5 Rxg3+ 42. Kh4 Rf4 43. Rg5+ Kf7 44. Rxe4 Rxe4 45. Kxg3 e2 46. Rf5+ Ke6 47. Rf6+ Ke7 48. Rxa6 e1=Q+ 49. Kf3 Qe2+ 0-1